 Dungeon Crawl Stone Soup version 0.29-a0-1006-g0dd7720b37 (webtiles) character file.

Game seed: 11588011975123426916

10861 garrulousMonolith the Cleaver (level 11, -12/86 (97) HPs)
             Began as a Hill Orc Fighter on Aug 7, 2022.
             Was an Elder of Beogh.
             Killed by vampiric draining
             ... invoked by Josephine
              (25 damage)
             ... on level 11 of the Dungeon.
             The game lasted 00:17:04 (11373 turns).

garrulousMonolith the Cleaver (Hill Orc Fighter)   Turns: 11373, Time: 00:17:05

HP:   -12/86 (97)   AC: 18    Str: 22    XL:     11   Next: 68%
MP:   14/17         EV:  7    Int: 12    God:    Beogh [****..]
Gold: 694           SH: 11    Dex: 14    Spells: 8/10 levels left

rFire   + . .      SeeInvis .   a - +0 war axe
rCold   . . .      Faith    .   b - +0 kite shield
rNeg    . . .      Spirit   .   g - +0 plate armour
rPois   +          Reflect  .   o - +2 helmet
rElec   .          Harm     .   (no cloak)
rCorr   .          Rampage  .   d - +0 pair of gloves
Will    .....                   (no boots)
Stlth   ..........              p - amulet of regeneration
HPRegen 1.04/turn               A - ring of Ephemeral Luck {rF+ Str+2 Dex+4}
MPRegen 0.15/turn               B - ring of poison resistance

@: slowed, heavily drained, very slow
A: no striking features
a: Renounce Religion, Smiting, Recall Orcish Followers


You were on level 11 of the Dungeon.
You worshipped Beogh.
Beogh was greatly pleased with you.
You visited 1 branch of the dungeon, and saw 11 of its levels.

You collected 769 gold pieces.
You spent 75 gold pieces at shops.

Inventory:

Hand Weapons
 a - a +0 war axe (weapon)
 f - a +0 hand axe of venom
 k - a +0 short sword of electrocution
 u - a +0 morningstar
 y - a +3 spear
 L - a +4 spear of venom
 M - a +0 trident
Missiles
 e - 11 boomerangs
 t - 31 poisoned darts (quivered)
 N - 2 curare-tipped darts
Armour
 b - a +0 kite shield (worn)
 d - a +0 pair of gloves (worn)
 g - a +0 plate armour (worn)
 o - a +2 helmet (worn)
Jewellery
 c - an amulet of magic regeneration
 n - a ring of positive energy
 p - an amulet of regeneration (around neck)
 s - a +4 ring of protection
 w - a +4 ring of evasion
 A - the ring of Ephemeral Luck (left hand) {rF+ Str+2 Dex+4}
   (You found it on level 5 of the Dungeon)

   [ring of protection from fire]

   Str:       It affects your strength (+2).
   Dex:       It affects your dexterity (+4).
   rF:        It protects you from fire.
 B - a ring of poison resistance (right hand)
 H - a +4 ring of protection
 O - a ring of flight
Wands
 v - a wand of polymorph (9)
 x - a wand of digging (5)
 C - a wand of flame (37)
 G - a wand of mindburst (14)
 Q - a wand of light (3)
 S - a wand of paralysis (3)
Scrolls
 i - a scroll of magic mapping
 j - 9 scrolls of teleportation
 l - 3 scrolls of enchant armour
 r - a scroll of identify
 K - 2 scrolls of butterflies
Potions
 h - 5 potions of curing
 m - a potion of resistance
 q - 2 potions of invisibility
 z - 6 potions of lignification
 D - a potion of magic
 E - 3 potions of attraction
 F - 2 potions of mutation
 I - 2 potions of flight
 J - a potion of haste {unknown}
 P - a potion of cancellation {unknown}


   Skills:
 + Level 9.1 Fighting
 * Level 13.1 Axes
 + Level 8.4 Armour
 - Level 5.0 Dodging
 + Level 8.4 Shields
 + Level 9.1 Invocations


You had 8 spell levels left.
You knew the following spells:

 Your Spells              Type           Power      Damage    Failure   Level
a - Blink                 Tloc           0%         N/A       100%        2

Your spell library contained the following spells:

 Spells                   Type           Power      Damage    Failure   Level
 Freeze                   Ice            0%         1d3       100%        1
 Slow                     Hex            0%         N/A       100%        1
 Poisonous Vapours        Pois/Air       0%         N/A       100%        2
 Call Canine Familiar     Summ           0%         N/A       100%        3
 Confusing Touch          Hex            0%         N/A       100%        3
 Conjure Flame            Conj/Fire      0%         6-21      100%        3
 Frozen Ramparts          Ice            0%         1d1       100%        3
 Gell's Gravitas          Tloc           0%         N/A       100%        3
 Ignite Poison            Fire/Tmut/Pois 0%         N/A       100%        3
 Portal Projectile        Hex/Tloc       0%         N/A       100%        3
 Teleport Other           Tloc           0%         N/A       100%        3
 Vampiric Draining        Necr           0%         2d6       100%        3
 Corpse Rot               Necr/Pois/Air  0%         N/A       100%        4
 Fulminant Prism          Conj/Hex       0%         3d6       100%        4
 Hailstorm                Conj/Ice       0%         3d3       100%        4
 Iskenderun's Mystic Bla  Conj/Tloc      0%         2d3       100%        4
 Leda's Liquefaction      Hex/Erth       0%         N/A       100%        4
 Sticky Flame             Conj/Fire      0%         2d3       100%        4
 Summon Ice Beast         Ice/Summ       0%         N/A       100%        4
 Lee's Rapid Deconstruct  Erth           0%         3d5*      100%        5
 Manifold Assault         Tloc           0%         N/A       100%        5
 Summon Mana Viper        Hex/Summ       0%         N/A       100%        5
 Yara's Violent Unravell  Hex/Tmut       0%         3d3       100%        5
 Conjure Ball Lightning   Conj/Air       0%         3x3d6     100%        6
 Dispersal                Tloc           0%         N/A       100%        6
 Enfeeble                 Hex            0%         N/A       100%        7
 Monstrous Menagerie      Summ           0%         N/A       100%        7
 Storm Form               Tmut/Air       0%         N/A       100%        7
 Discord                  Hex            0%         N/A       100%        8
 Disjunction              Tloc           0%         N/A       100%        8


Dungeon Overview and Level Annotations

Branches:
Dungeon (11/15)            Temple (0/1) D:7            Lair (0/5) D:9
    Orc: D:9-12

Altars:
Dithmenos
Hepliaklqana
Kikubaaqudgha
Qazlal
Trog
Vehumet
Xom
Zin

Shops:
D:1 !   D:5 **

Annotations:
D:11 exclusions: obsidian statue and orange crystal statue, Josephine


Message History

You strike the helpless cyclops from behind!
You slash the cyclops!
You kill the cyclops!
The cyclops's corpse dissolves into shadows!
You block the wraith's attack. You block Josephine's attack.
Okay, then.
You strike the helpless Josephine from behind!
You slash Josephine!
Josephine is heavily wounded.
You closely miss the wraith. You hit the wraith.
Josephine hits you with a +3 dagger. You block the wraith's attack.
The wraith hits you but does no damage.
You hit Josephine.
Josephine is heavily wounded.
You slash the wraith! x2; You block the wraith's attack.
Josephine points at the wraith and mumbles some strange words.
The ghostly flame explodes!
The ghostly fireball engulfs the wraith.
The wraith completely resists.
The ghostly fireball engulfs Josephine.
Josephine completely resists.
The ghostly fireball engulfs the wraith.
The wraith completely resists.
The ghostly fireball engulfs the two-headed ogre!!
The two-headed ogre is drained!
The ghostly fireball engulfs you!!
You feel drained. The wraith hits you.
* * * LOW HITPOINT WARNING * * *
The wraith drains your vigour!
You feel yourself slow down.
Aiming: Smiting
Press: ? - help, Dir - move target, f - Josephine, p - wraith Smite: Josephine, wielding a +3 dagger and wearing a +1 robe of the Archmagi (heavily wounded, blind)
You smite Josephine!
Josephine is severely wounded.
Josephine hits you with a +3 dagger.
* * * LOW HITPOINT WARNING * * *
You block the wraith's attack.
You feel better.
Josephine is no longer blind.
Josephine hits you with a +3 dagger!
* * * LOW HITPOINT WARNING * * *
The wraith barely misses you. Josephine draws life force from you!!
You die...

# #$ #. ## #.. #. # .#
#..8 #.## # .# #....
##..## # .##
......##....# # ..#
#.....##.....## #
..###.....##.......## #.
......../##...W@W...# ..#
...###..##..W..#@.O.##
#..# ...## .#(.8.W
#...W.# ..## ....# ##.O.
##....## ##.. .†..##
####[ ##....##..# .....#
#..###### ###.o#..#
.....###...#...######...#
#
......................###
#####
#####.##.......######..#
###.... #..##o........##
#..####......


You could see Josephine (ally target), a two-headed ogre (summoned, distracted,
drained), 3 wraiths and a friendly orc wizard (invisible).

Vanquished Creatures
  A two-headed ogre (D:8)
  An ugly thing (D:11)
  2 hornets
  A troll (D:8)
  9 yaks
  A shadow (D:7)
  A wyvern (D:9)
  A wraith (D:10)
  Edmund (D:5)
  2 water moccasins
  2 black bears
  2 orc warriors
  2 ice beasts
  An ogre (D:5)
  2 wolves (D:9)
  4 centaurs
  A phantom (D:5)
  6 kobold brigands
  4 bullfrogs
  2 gnoll sergeants
  3 scorpions (D:5)
  12 wights
  11 killer bees
  3 vampire bats
  2 howler monkeys
  2 electric eels (D:9)
  8 hounds
  8 jellies
  A gnoll bouda (D:4)
  2 orc priests
  4 iguanas
  8 orc wizards
  12 adders
  18 gnolls
  A shadow imp (D:6)
  A white imp (D:6)
  5 worms
  3 dart slugs
  43 orcs
  15 bats
  2 bat zombies (D:9)
  5 endoplasms
  7 giant cockroaches
  5 goblins
  6 hobgoblins
  4 jackals (D:1)
  3 quokkas
  9 ball pythons
  3 frilled lizards
  21 kobolds
  7 rats
280 creatures vanquished.

Vanquished Creatures (collateral kills)
  2 hydras (D:11)
  A two-headed ogre (D:11)
  3 trolls
  A yak (D:10)
  2 wraiths (D:11)
  An acid dragon (D:11)
  A wolf (D:9)
  3 wights
  2 howler monkeys (D:9)
  3 hounds (D:9)
  An orc wizard (D:11)
  3 orcs
  4 bat zombies (D:9)
27 creatures vanquished.

Vanquished Creatures (others)
  2 orc priests
  An orc wizard (D:5)
  3 orcs
  5 toadstools (D:1)
11 creatures vanquished.

Grand Total: 318 creatures vanquished

Notes
Turn   | Place    | Note
-------+----------+-------------------------------------------
     0 | D:1      | garrulousMonolith the Hill Orc Fighter began the quest for
                  | the Orb.
     0 | D:1      | Reached XP level 1. HP: 19/19 MP: 1/1
   109 | D:1      | Found Voroddai's Distillery.
   221 | D:1      | Reached skill level 3 in Axes
   223 | D:1      | Reached XP level 2. HP: 27/27 MP: 2/2
   446 | D:1      | Found a faded altar of an unknown god.
   682 | D:1      | Reached XP level 3. HP: 30/33 MP: 3/3
  1208 | D:2      | Reached skill level 1 in Invocations
  1408 | D:2      | Reached XP level 4. HP: 40/40 MP: 4/4
  1446 | D:2      | Reached skill level 4 in Axes
  2032 | D:3      | Reached skill level 1 in Dodging
  2032 | D:3      | Reached XP level 5. HP: 46/46 MP: 6/6
  2724 | D:4      | Found a shadowy altar of Dithmenos.
  2772 | D:4      | Reached skill level 5 in Axes
  2772 | D:4      | Reached XP level 6. HP: 38/53 MP: 7/7
  3208 | D:4      | Noticed a black bear
  3218 | D:4      | Killed a black bear
  3219 | D:4      | Reached XP level 7. HP: 36/60 MP: 9/9
  3221 | D:4      | Reached skill level 6 in Axes
  3589 | D:5      | Entered Level 5 of the Dungeon
  3636 | D:5      | Reached skill level 5 in Fighting
  3638 | D:5      | Found Qapryv's Specific Store.
  3642 | D:5      | Found Mileaten's General Store.
  3651 | D:5      | Bought a potion of heal wounds for 75 gold pieces
  3684 | D:5      | Noticed Edmund
  3710 | D:5      | Killed Edmund
  3711 | D:5      | Reached XP level 8. HP: 40/68 MP: 10/10
  3751 | D:5      | Became a worshipper of Beogh the Brigand
  3822 | D:5      | Reached skill level 7 in Axes
  3822 | D:5      | Reached skill level 5 in Shields
  3877 | D:5      | Reached skill level 5 in Armour
  4070 | D:5      | Identified the ring of Ephemeral Luck {rF+ Str+2 Dex+4}
  4398 | D:5      | Reached * piety under Beogh
  4773 | D:5      | Reached skill level 8 in Axes
  4801 | D:5      | Reached skill level 5 in Invocations
  4960 | D:5      | Reached XP level 9. HP: 31/75 MP: 12/12
  5079 | D:5      | Learned a level 2 spell: Blink
  5170 | D:6      | Reached ** piety under Beogh
  5482 | D:6      | Found a bloodstained altar of Trog.
  5491 | D:6      | Found a radiant altar of Vehumet.
  5584 | D:6      | Reached skill level 9 in Axes
  5675 | D:7      | Found a staircase to the Ecumenical Temple.
  5734 | D:7      | Found a stormy altar of Qazlal.
  5985 | D:7      | Noticed a hornet
  5993 | D:7      | Paralysed by a hornet for 3 turns
  6002 | D:7      | Killed a hornet
  6493 | D:7      | Reached skill level 10 in Axes
  6640 | D:8      | Noticed a troll
  6650 | D:8      | Reached XP level 10. HP: 86/86 MP: 14/14
  6956 | D:8      | Noticed a two-headed ogre
  6964 | D:8      | Killed a two-headed ogre
  7111 | D:8      | Reached skill level 11 in Axes
  7260 | D:8      | Reached *** piety under Beogh
  8031 | D:9      | Found a glowing silver altar of Zin.
  8125 | D:9      | Reached skill level 5 in Dodging
  8165 | D:9      | Reached XP level 11. HP: 94/94 MP: 16/16
  8343 | D:9      | Found a staircase to the Lair.
  8393 | D:9      | Found a shimmering altar of Xom.
  8395 | D:9      | Found a hazy altar of Hepliaklqana.
  8414 | D:9      | Reached skill level 12 in Axes
  8463 | D:9      | Identified the +2 chain mail of Dishonesty {+Inv rF- Will+
                  | Dex+6}
  8639 | D:9      | Found an ancient bone altar of Kikubaaqudgha.
  9338 | D:10     | Entered Level 10 of the Dungeon
  9930 | D:10     | Reached **** piety under Beogh
 10612 | D:11     | Noticed a green ugly thing
 10620 | D:11     | Killed a green ugly thing
 10641 | D:11     | Noticed an obsidian statue
 10674 | D:11     | Noticed a two-headed ogre
 10683 | D:11     | Killed a two-headed ogre
 11179 | D:11     | Noticed a six-headed hydra
 11185 | D:11     | Killed a six-headed hydra
 11186 | D:11     | Reached skill level 13 in Axes
 11219 | D:11     | Noticed a six-headed hydra
 11227 | D:11     | Killed a six-headed hydra
 11358 | D:11     | Noticed an orange crystal statue
 11358 | D:11     | Noticed Josephine
 11360 | D:11     | Noticed a two-headed ogre
 11360 | D:11     | Noticed a cyclops
 11373 | D:11     | Killed from afar by Josephine

Illustrated notes

Levels and vault maps discovered:
D:1:      dpeg_arrival_three_same_balls, layout_basic,
          ebering_ecumenical_altar_rust, serial_shops, shop, glass_columns_b,
          minmay_tree_intersection, minivault_24, minmay_misc_feat_iff,
          minmay_gold_behind_fungi
D:2:      layout_loops_ring, chequers_serial_rivers_micro_d
D:3:      layout_basic, kennysheep_generic_room_8
D:4:      nicolae_BIG_FREAKIN_CUBE, layout_basic, mainiacjoe_overflow_brackets,
          hangedman_decor_growths
D:5:      minmay_bubble_buster, layout_layer_cave, roderic_batcave,
          hangedman_decor_peaks_small, nicolae_specific_store,
          serial_park_tiny_pond, nicolae_concentric_dashed_squares_wild,
          dreamdust_princess_corridor, uniq_edmund
D:6:      layout_basic, grunt_temple_overflow_open
D:7:      layout_basic, nicolae_qazlal_style_of_elements,
          minmay_temple_entry_butterflies, serial_glass, glass_columns_c,
          glass_columns_a, minmay_strange_pillars, due_unseen_surprise,
          item_on_display_a, item_on_display_a
D:8:      layout_basic, wad_floor_pattern_untrapped, reono_crystal_passage,
          nrook_loot_triangle, minmay_fountain_box
D:9:      layout_roguey, kennysheep_vampire_church,
          nicolae_overflow_hidden_temple, mainiacjoe_overflow_catwalk,
          erik_lair_island
D:10:     layout_basic
D:11:     minmay_separated_statues, layout_cave_pods, uniq_josephine

Skill      XL: |  1  2  3  4  5  6  7  8  9 10 11 |
---------------+----------------------------------+-----
Axes           | 3 4 5 6 8 10 11 13 | 13.1
Invocations    | 1 2 3 5 6 7 9 |  9.1
Fighting       | 4 5 6 7 8 9 |  9.1
Dodging        | 1 2 3 4 5 |  5.0
Shields        | 4 5 6 7 8 |  8.4
Armour         | 4 5 6 7 8 |  8.4

Action                   |  1- 3 |  4- 6 |  7- 9 | 10-12 || total
-------------------------+-------+-------+-------+-------++-------
Melee: War axe           |   122 |   220 |   372 |   460 ||  1174
       Short sword       |       |       |       |     8 ||     8
Throw: Dart              |       |       |     3 |       ||     3
Invok: Convert to Beogh  |       |       |     1 |       ||     1
       Smiting           |       |       |     2 |     6 ||     8
Evoke: Wand              |       |       |       |     5 ||     5
  Use: Scroll            |     2 |     1 |    10 |     7 ||    20
       Potion            |       |     1 |     5 |     3 ||     9
 Stab: Distracted        |       |       |       |     4 ||     4
       Invisible         |       |       |       |     3 ||     3
Armor: Plate armour      |   101 |   165 |   233 |   253 ||   752
       Scale mail        |     1 |       |       |       ||     1
Dodge: Dodged            |    32 |    49 |    95 |   136 ||   312
Block: Buckler           |    34 |    42 |    28 |       ||   104
       Kite shield       |       |       |   151 |   308 ||   459

Table legend: (Time is in decaauts)
 A = Elapsed time spent in this place.
 B = Non-inter-level travel time spent in this place.
 C = Inter-level travel time spent in this place.
 D = Time resting spent in this place.
 E = Time spent auto-exploring this place.
 F = Levels seen in this place.
 G = Mean time per level.
                   A        B        C        D        E       F      G
               +--------+--------+--------+--------+--------+-----+--------+
         Total |  11608 |  11312 |    296 |   1378 |   7313 |  11 | 1055.3 |
       Dungeon |  11608 |  11312 |    296 |   1378 |   7313 |  11 | 1055.3 |
               +--------+--------+--------+--------+--------+-----+--------+

Top non-repeatable levels by time:
     D:9: 1752 daAuts
     D:5: 1566 daAuts
     D:8: 1247 daAuts
     D:1: 1196 daAuts
    D:10: 1047 daAuts
     D:4: 1044 daAuts
     D:7: 966 daAuts
     D:2: 796 daAuts
    D:11: 785 daAuts
     D:3: 663 daAuts
     D:6: 540 daAuts
